Map: Acropolis LE

Players

Meditail - Winner!

  • Race: Zerg Zerg
  • League: Master
  • Spawn Location: 11:00

Mez

  • Race: Terran Terran
  • League: Master
  • Spawn Location: 5:00

VOD

Have the link to the VOD?

Description

Time

  • Played on: Aug. 22, 2019, 1:21 p.m.
  • Length: 16:29
Show
View Real Time Build Order
Export as new Build Order

Meditail Zerg - Winner!

Build Orders: Hatch First, Brood Lord Corruptor 

Get SALT Encoding   

  12  0:00  Drone  
  13  0:11  Overlord  
  13  0:16  Drone  
  14  0:30  Drone x2  
  16  0:36  Drone  
  17  0:53  Hatchery  
  17  0:55  Drone  
  17  1:00  Drone  
  18  1:09  Extractor  
  17  1:14  Spawning Pool  
  17  1:16  Drone  
  17  1:18  Drone  
  18  1:28  Drone  
  19  1:41  Overlord  
  19  1:49  Drone  
  20  2:01  Zergling x2, Queen  
  20  2:04  Queen  
  20  2:05  Zergling x2  
  26  2:09  Metabolic Boost  
  26  2:11  Drone  
  27  2:17  Drone  
  27  2:22  Drone  
  29  2:26  Drone  
  30  2:35  Spore Crawler  
  30  2:36  Drone  
  30  2:37  Queen  
  30  2:39  Overlord  
  33  2:44  Overlord  
  33  2:47  Pneumatized Carapace  
  33  2:48  Drone  
  34  2:55  Drone  
  35  2:59  Drone  
  35  3:05  Drone  
  37  3:09  Drone x2  
  37  3:10  Overlord  
  39  3:13  Zergling x4  
  39  3:18  Drone x3  
  44  3:24  Drone  
  45  3:35  Drone  
  45  3:36  Hatchery  
  45  3:37  Drone  
  45  3:39  Drone  
  47  3:43  Drone  
  47  3:47  Roach Warren  
  47  3:48  Drone x2  
  49  3:49  Drone x3  
  52  3:58  Queen  
  52  4:00  Extractor  
  52  4:01  Drone  
  54  4:05  Lair  
  54  4:09  Extractor  
  53  4:12  Drone  
  53  4:13  Drone x3  
  58  4:17  Overlord, Drone  
  58  4:23  Drone x2  
  60  4:40  Overlord x2  
  60  4:41  Roach x4  
  68  4:49  Overlord  
  68  4:54  Overlord x2  
  68  4:57  Queen  
  68  4:59  Roach x2  
  76  5:00  Roach  
  76  5:01  Drone x2  
  76  5:02  Overlord  
  76  5:06  Drone  
  79  5:07  Evolution Chamber  
  79  5:09  Evolution Chamber  
  79  5:10  Drone  
  78  5:14  Drone x2  
  80  5:23  Drone x3  
  80  5:26  Drone x3  
  86  5:28  Overseer  
  86  5:30  Overlord x2  
  86  5:32  Zerg Melee Weapons Level 1  
  86  5:33  Overseer  
  86  5:38  Drone x3  
  86  5:41  Glial Reconstitution  
  89  5:49  Drone x2  
  92  5:50  Drone x2  
  92  5:53  Extractor  
  92  5:54  Extractor  
  92  5:55  Extractor  
  90  6:03  Overlord  
  90  6:04  Overlord  
  90  6:06  Drone  
  90  6:07  Ravager, Hatchery  
  90  6:08  Ravager, Infestation Pit  
  91  6:11  Roach x2  
  91  6:12  Roach  
  91  6:13  Zergling x10  
  91  6:14  Zergling x2  
  103  6:21  Drone x3  
  103  6:22  Drone  
  107  6:27  Drone  
  108  6:42  Roach  
  108  6:43  Zergling x8, Roach x3  
  108  6:44  Zergling x2  
  121  6:48  Hive  
  120  6:58  Drone  
  120  6:59  Spire  
  120  7:03  Overlord  
  117  7:17  Evolution Chamber, Drone  
  117  7:27  Drone  
  117  7:28  Drone x4  
  117  7:29  Drone  
  118  7:31  Drone  
  118  7:34  Zerg Ground Armor Level 1  
  118  7:37  Drone x2  
  118  7:38  Drone  
  118  7:42  Drone x4  
  118  7:43  Drone x4  
  129  7:46  Zerg Melee Weapons Level 2  
  129  7:49  Queen  
  129  7:50  Drone  
  129  7:51  Drone x2  
  134  7:54  Extractor  
  134  7:56  Zergling x12  
  139  8:02  Drone  
  139  8:03  Drone x2  
  141  8:10  Ultralisk Cavern, Drone  
  141  8:14  Corruptor x4, Greater Spire  
  141  8:15  Corruptor  
  141  8:17  Overlord x3  
  151  8:25  Overlord x4  
  150  8:39  Extractor  
  149  8:45  Corruptor  
  149  8:46  Corruptor x3  
  149  8:48  Hatchery  
  156  8:51  Infestor x2  
  157  9:06  Corruptor x3  
  157  9:08  Zergling x2  
  157  9:09  Zergling x32  
  182  9:10  Zergling x4  
  182  9:11  Chitinous Plating  
  182  9:34  Brood Lord x2  
  182  9:35  Brood Lord x2  
  182  9:36  Brood Lord  
  194  9:38  Brood Lord  
  194  9:52  Zergling x6  
  197  9:53  Zergling x4  
  197  9:55  Zerg Ground Armor Level 2  
  197  9:56  Adrenal Glands  
  199  10:01  Baneling Nest  
  199  10:02  Drone  
  199  10:07  Zerg Melee Weapons Level 3  
  179  10:40  Drone x2  
  179  10:41  Drone x3  
  184  10:53  Corruptor x4  
  192  10:59  Zerg Flyer Weapons Level 1  
  192  11:00  Anabolic Synthesis  
  192  11:03  Drone x5  
  171  11:15  Roach x3  
  175  11:23  Roach  
  175  11:24  Roach x10  
  179  11:28  Roach x3  
  179  11:29  Roach, Infestor  
  179  11:31  Ultralisk  
  195  11:35  Zergling x2  
  195  11:36  Zergling x6  
  199  11:53  Zergling x18  
  188  12:07  Zergling x2  
  188  12:08  Zergling x16  
  187  12:12  Ultralisk x2  
  187  12:13  Zergling x8  
  167  12:34  Zergling x2  
  167  12:35  Zergling x20  
  150  12:40  Zergling x2  
  130  12:45  Infestor x3  
  130  12:50  Brood Lord x6  
  130  12:51  Brood Lord, Corruptor  
  148  12:54  Zergling x8  
  148  12:57  Zergling x4  
  148  12:58  Zergling x6  
  153  12:59  Zergling x4  
  153  13:00  Zergling x4  
  153  13:01  Corruptor  
  158  13:10  Zergling x6  
  158  13:11  Zergling x2  
  162  13:13  Corruptor x2  
  162  13:19  Zerg Ground Armor Level 3  
  166  13:26  Pathogen Glands  
  166  13:27  Zergling x12  
  167  13:29  Baneling x3  
  167  13:30  Baneling  
  167  13:32  Drone x2  
  167  13:33  Drone  
  175  13:37  Hatchery  
  174  13:43  Extractor, Baneling x6  
  174  13:44  Zergling x6, Baneling  
  174  13:45  Zergling x4  
  174  13:47  Extractor  
  177  13:53  Corruptor x3, Hatchery  
  182  13:59  Zergling x10  
  182  14:00  Zergling x10  
  191  14:09  Drone x2  
  192  14:10  Drone  
  192  14:17  Drone  
  192  14:18  Drone x3  
  192  14:21  Corruptor x2  
  192  14:22  Corruptor  
  198  14:31  Baneling x2  
  198  14:32  Baneling x3  
  198  14:38  Centrifical Hooks  
  176  14:52  Corruptor x2  
  158  14:53  Corruptor  
  158  14:56  Drone x2  
  158  14:57  Drone x3  
  158  14:59  Zergling x8  
  174  15:00  Zergling x4  
  174  15:11  Extractor, Hatchery  
  172  15:16  Zergling x10  
  177  15:38  Zergling x2  
  177  15:39  Zergling x18  
  181  15:49  Zergling x2  
  163  15:50  Zergling x30  
Show
View Real Time Build Order
Export as new Build Order

Mez Terran 

Build Orders: Reaper Expand 

Get SALT Encoding   

  12  0:01  SCV  
  13  0:13  SCV  
  14  0:17  Supply Depot  
  14  0:25  SCV  
  15  0:39  SCV  
  15  0:40  Barracks  
  16  0:45  Refinery  
  16  0:51  SCV  
  17  1:03  SCV  
  18  1:16  SCV  
  19  1:28  Orbital Command, Reaper  
  20  1:41  Command Center  
  20  1:51  Supply Depot  
  20  1:54  SCV  
  20  2:00  Marine  
  22  2:07  SCV  
  23  2:15  Factory  
  23  2:16  Refinery  
  23  2:19  SCV  
  23  2:22  Barracks Reactor  
  24  2:38  SCV  
  25  2:50  SCV  
  26  2:55  Orbital Command  
  26  3:00  Starport, Supply Depot  
  26  3:06  SCV  
  26  3:07  Hellion  
  26  3:08  Hellion  
  26  3:09  Barracks Tech Lab  
  31  3:18  SCV  
  32  3:22  SCV  
  33  3:28  Hellion  
  33  3:30  SCV, Hellion  
  37  3:37  SCV  
  38  3:42  SCV  
  38  3:45  Marine, Viking  
  38  3:47  Stimpack  
  42  3:52  Supply Depot  
  42  4:00  SCV x2  
  44  4:11  Factory Reactor  
  44  4:17  Barracks  
  44  4:19  Barracks  
  44  4:22  SCV x2  
  45  4:29  Command Center  
  45  4:33  Starport Reactor  
  45  4:34  SCV  
  45  4:35  Marine  
  47  4:48  SCV  
  47  4:52  SCV  
  49  4:57  Factory Tech Lab, Engineering Bay x2  
  49  4:58  Marine  
  50  5:00  SCV  
  50  5:04  Supply Depot x2  
  51  5:08  Marine x2  
  51  5:09  SCV  
  51  5:12  SCV  
  51  5:13  Refinery  
  55  5:14  Refinery  
  55  5:17  Marine x3  
  58  5:21  SCV, Medivac  
  58  5:24  SCV  
  58  5:25  Medivac  
  67  5:28  Siege Tank  
  67  5:32  Supply Depot  
  67  5:36  SCV x2  
  67  5:39  Combat Shield  
  69  5:45  Orbital Command  
  69  5:48  SCV  
  69  5:49  SCV  
  71  5:50  Marine x4  
  71  5:52  Marine  
  71  5:56  Terran Infantry Weapons Level 1  
  76  5:58  Terran Infantry Armor Level 1  
  76  6:01  Supply Depot  
  76  6:07  SCV x2  
  76  6:19  SCV  
  76  6:20  Marine x5  
  76  6:21  SCV x2  
  84  6:27  Orbital Command  
  84  6:35  Siege Tank  
  84  6:37  SCV x2, Marine, Barracks x2  
  90  6:44  Supply Depot  
  90  6:45  Supply Depot  
  90  6:46  Marine x4, Supply Depot  
  94  6:55  Marine, SCV x2  
  94  6:56  SCV  
  98  7:07  SCV  
  98  7:08  Marine x4  
  102  7:09  Siege Tank  
  102  7:13  Marine  
  103  7:18  SCV x2  
  103  7:19  SCV  
  106  7:25  Marine  
  103  7:31  Marine  
  103  7:32  Marine x2  
  103  7:35  Barracks Reactor x2  
  103  7:36  Marine  
  105  7:37  Medivac x2  
  105  7:41  Siege Tank  
  105  7:43  Marine  
  113  7:45  SCV x3  
  113  7:49  Marine x2, Armory  
  113  7:50  Factory  
  118  7:52  Marine, Command Center  
  119  8:01  Marine  
  119  8:05  Marine  
  119  8:06  SCV x3  
  119  8:07  Marine, Medivac x2  
  127  8:15  Siege Tank, Supply Depot  
  127  8:16  Marine x3, Supply Depot x2  
  133  8:33  Marine x2  
  133  8:36  Marine x5  
  133  8:39  Terran Infantry Armor Level 2, Terran Infantry Weapons Level 2  
  133  8:40  Terran Vehicle Weapons Level 1  
  138  8:41  Factory Tech Lab, Barracks  
  138  8:42  Barracks  
  138  8:43  Marine x2, Barracks  
  140  8:51  Marine  
  136  9:00  Marine x7  
  136  9:02  Siege Tank x2  
  144  9:07  Supply Depot  
  144  9:09  Supply Depot  
  144  9:14  Refinery  
  144  9:16  Refinery  
  144  9:18  Marine x2  
  144  9:23  Supply Depot  
  146  9:34  Barracks Tech Lab  
  146  9:35  Marine, Barracks Reactor, Barracks Tech Lab  
  146  9:36  Marine x6, Siege Tank x2  
  146  9:37  Planetary Fortress  
  159  9:54  Marine x4  
  159  9:55  Marauder x3  
  169  10:00  SCV x3  
  172  10:08  Siege Tank  
  172  10:09  Siege Tank  
  172  10:12  SCV  
  178  10:16  Marauder  
  179  10:42  Marine  
  178  10:43  Marine x9, Marauder x3  
  187  10:59  Thor  
  187  11:00  Marine x3  
  187  11:02  Marine, Terran Infantry Armor Level 3, Terran Infantry Weapons Level 3  
  187  11:03  Supply Depot  
  196  11:06  Marine  
  196  11:08  Medivac, Thor  
  193  11:12  Viking  
  193  11:16  Refinery  
  193  11:17  Refinery  
  187  11:18  Command Center  
  187  11:20  Marine  
  187  11:21  Marine x3  
  158  11:38  Marine, Viking  
  161  11:42  Viking  
  163  11:49  Starport  
  163  11:50  Starport  
  160  12:08  Viking  
  156  12:10  Marine x6  
  156  12:11  Marine x2  
  156  12:12  Viking  
  162  12:16  Marine x5, Thor  
  162  12:17  Thor  
  179  12:28  Marine  
  160  12:34  Marauder x2  
  139  12:37  Marine x10, Viking  
  139  12:42  Medivac  
  147  12:45  Command Center, Starport Reactor, Starport Tech Lab  
  147  12:46  Marine  
  147  12:48  Fusion Core  
  148  12:55  Marine x6, Liberator  
  152  12:59  Marauder x3  
  144  13:07  Medivac  
  144  13:12  Marine, Medivac  
  141  13:20  Liberator  
  141  13:21  Marauder x3  
  141  13:22  Marine x7  
  154  13:27  Medivac x2  
  154  13:33  Planetary Fortress  
  158  13:38  Advanced Ballistics  
  161  13:42  Marauder x2  
  161  13:45  SCV x3  
  168  13:48  Refinery  
  168  13:55  Liberator x3  
  168  13:57  SCV x3  
  171  14:04  Refinery  
  171  14:05  Marine x6, Marauder x3  
  171  14:09  SCV, Thor x2  
  174  14:11  Liberator x2  
  189  14:26  Marauder  
  136  14:53  Marine x8  
  136  14:55  Viking x3  
  136  14:56  Command Center  
  136  14:59  Marine x3  
  151  15:05  Siege Tank x2  
  154  15:09  SCV  
  154  15:10  SCV x2  
  154  15:11  Viking  
  154  15:14  Marine x8, Marauder x2  
  164  15:17  Marauder  
  164  15:19  Sensor Tower  
  173  15:21  SCV, Sensor Tower  
  173  15:22  SCV  
  175  15:33  Viking x4  
  175  15:35  Marine x3  
  178  15:41  Viking  
  158  15:45  Marine  
  158  15:46  Marine x4, Marauder x3  
  120  15:57  Marine x5  
  120  16:03  Marine x2  
  120  16:04  Marine x3  
  123  16:07  Marine x2, Marauder  
Tags
 
Add a new tag
Caveats
  • Supply blocks, unpowered buildings, or Contaminate may cause inaccurate times.
  • Supply counts are checked every 10 seconds.